 Dungeon Crawl Stone Soup version 0.31.0-9-g3a7656b989 (webtiles) character file.

Game seed: 12779117938049083246

16 qw the Shooter (level 2, 0/16 HPs)
             Began as a Deep Elf Hunter on Feb 2, 2024.
             Slain by a gnoll
             ... wielding a +0 flail
              (11 damage)
             ... on level 1 of the Dungeon.
             The game lasted 00:00:00 (367 turns).

qw the Shooter (Deep Elf Hunter)                     Turns: 367, Time: 00:00:01

Health: 0/16       AC:  3    Str:  8    XL:     2   Next: 37%
Magic:  4/4        EV: 12    Int: 13    God:
Gold:   35         SH:  0    Dex: 18    Spells: 1/1 levels left

rFire   . . .        a - +0 shortbow
rCold   . . .        (shield currently unavailable)
rNeg    . . .        c - +0 leather armour
rPois   .            (no helmet)
rElec   .            (no cloak)
rCorr   .            (no gloves)
SInv    .            (no boots)
Will    .....        (no amulet)
Stlth   ++           (no ring)
HPRegen 0.22/turn    (no ring)
MPRegen 0.09/turn

%: no passive effects
@: no status effects
A: no striking features
a: no special abilities


You were on level 1 of the Dungeon.
You visited 1 branch of the dungeon, and saw 1 of its levels.

You collected 35 gold pieces.


   Skills:
 - Level 1.5 Fighting
 + Level 6.2 Ranged Weapons
 - Level 2.4 Dodging
 - Level 1.2 Stealth


You had one spell level left.
You didn't know any spells.
Your spell library was empty.

Inventory:

Hand Weapons
 a - a +0 shortbow (weapon)
Armour
 c - a +0 leather armour (worn)
Scrolls
 b - a scroll of butterflies
 d - 2 scrolls of identify {unknown}
Potions
 e - a potion of ambrosia {unknown}

Dungeon Overview and Level Annotations

Branches:
Dungeon (1/15)

Altars:


Message History

You hear a loud squeak.
A rat comes into view.
You shoot an arrow. The arrow hits the rat.
You kill the rat!
You start resting.
HP restored.
Items here: %%% ( ))).
You see here a bat corpse.
You now have 25 gold pieces (gained 14).
A frilled lizard comes into view.
Enter note:
Enter note: You shoot an arrow.
The arrow misses the frilled lizard.
You shoot an arrow.
The arrow closely misses the frilled lizard.
You shoot an arrow. The arrow hits the frilled lizard.
You kill the frilled lizard!
You see here a frilled lizard corpse.
You now have 35 gold pieces (gained 10).
e - a green potion
Found 5 stones.
You see here 5 stones.
A bat comes into view.
You shoot an arrow. The arrow hits the bat.
You kill the bat!
Items here: %%% ( ))).
You see here a rat skeleton.
Found 8 stones.
d - 2 scrolls labelled TEETEY ERES (gained 1)
You see here a rat skeleton.
Items here: %%% ( ))).
A gnoll comes into view. It is wielding a +0 flail.
Found a book of the Senses.
You shoot an arrow. The arrow hits the gnoll.
The gnoll is lightly wounded.
The gnoll hits you with a +0 flail.
You shoot an arrow. The arrow barely misses the gnoll.
The gnoll hits you with a +0 flail!
Ouch! That really hurt!
You die...

########## .........#
...:.....# ......)..
......g># ... #@#
...####.#
........########
........#.....[####
..................####
##......#......#.....#
#......#......#.###.###
#......#........#.#...#
#......#......###.###.#


You could see a gnoll.

Vanquished Creatures
  A dart slug (D:1)
  An endoplasm (D:1)
  2 goblins (D:1)
  A kobold (D:1)
  A quokka (D:1)
  4 bats (D:1)
  A frilled lizard (D:1)
  2 rats (D:1)
13 creatures vanquished.

Notes
Turn   | Place    | Note
-------+----------+-------------------------------------------
     0 | D:1      | qw the Deep Elf Hunter began the quest for the Orb.
     0 | D:1      | Reached XP level 1. HP: 12/12 MP: 3/3
     0 | D:1      | 0 ||| qw: Version: 0.3-a-155-g5e7d8dd
     0 | D:1      | 0 ||| qw: Game counter: 2801
     0 | D:1      | 0 ||| qw: Melee chars always use a shield: true
     0 | D:1      | 0 ||| qw: God list: Okawaru
     0 | D:1      | 0 ||| qw: Allow faded altars: false
     0 | D:1      | 0 ||| qw: Do Orc after clearing Dungeon:15 true
     0 | D:1      | 0 ||| qw: Do second Lair branch before Depths: true
     0 | D:1      | 0 ||| qw: Lair rune preference: random
     0 | D:1      | 0 ||| qw: Goals: Normal
     0 | D:1      | 0 ||| PLANNING D:1-11
    61 | D:1      | Reached XP level 2. HP: 16/16 MP: 4/4
    66 | D:1      | Reached skill level 6 in Ranged Weapons
   367 | D:1      | Slain by a gnoll

Levels and vault maps discovered:
D:1:      dreamdust_arrival_sigmund_warning, layout_basic, minmay_quantized

Skill      XL: |  1  2 |
---------------+-------+-----
Ranged Weapons | 6 |  6.2
Fighting       | |  1.5
Dodging        | |  2.4
Stealth        | |  1.2

Action                     || total
---------------------------++-------
   Fire: Shortbow          ||    38
 Armour: Leather armour    ||    14
  Dodge: Dodged            ||    15

Table legend:
 A = Non-vault XP
 B = Vault XP
 C = Vault XP percentage of total XP
 D = Non-vault monster count
 E = Vault monster count
 F = Vault count percentage of total count
                 A         B        C        D         E       F
            +---------+---------+-------+---------+---------+-------
      Total |      11 |      12 |  52.2 |       6 |       7 |  53.8
            +---------+---------+-------+---------+---------+-------
        D:1 |      11 |      12 |  52.2 |       6 |       7 |  53.8
            +---------+---------+-------+---------+---------+-------
